 Dungeon Crawl Stone Soup version 0.23.0 (webtiles) character file.

Game seed: 2802237764577464115

31302 Infinimo the Bludgeoner (level 13, -2/123 HPs)
             Began as a Minotaur Berserker on Feb 12, 2019.
             Was a High Priest of Trog.
             Slain by a lindwurm (6 damage)
             ... in a volcano.
             The game lasted 00:20:43 (19956 turns).

Infinimo the Bludgeoner (Minotaur Berserker)       Turns: 19956, Time: 00:20:43

Health: -2/123     AC: 20    Str: 25    XL:     13   Next: 25%
Magic:  17/21      EV:  8    Int:  6    God:    Trog [*****.]
Gold:   305        SH:  0    Dex: 10    Spells: 12/12 levels left

rFire    . . .     SeeInvis .   u - +2 whip (venom)
rCold    + . .     Gourm    .   (no shield)
rNeg     . . .     Faith    .   t - +1 plate armour {MR+}
rPois    .         Spirit   .   (helmet restricted)
rElec    .         Reflect  .   a - +0 cloak
rCorr    .         Harm     .   (no gloves)
MR       +....                  w - +0 pair of boots
Stlth    ..........             (no amulet)
HPRegen  0.30/turn              e - ring of protection from cold
MPRegen  0.17/turn              G - ring of magical power

@: berserk cooldown, starving, slowed, very slow
A: retaliatory headbutt, horns 2
a: Berserk, Trog's Hand, Brothers in Arms, Renounce Religion


You were in a volcano.
You worshipped Trog.
Trog was extremely pleased with you.
You were starving.

You visited 2 branches of the dungeon, and saw 16 of its levels.
You also visited: Volcano.

You collected 701 gold pieces.
You spent 396 gold pieces at shops.

Inventory:

Hand Weapons
 u - a +2 whip of venom (weapon)
Armour
 a - a +0 cloak (worn)
 t - a +1 plate armour of magic resistance (worn)
 w - a +0 pair of boots (worn)
Jewellery
 e - a ring of protection from cold (left hand)
 p - an uncursed ring of protection from magic
 G - a ring of magical power (right hand)
Wands
 f - a wand of scattershot (3)
 i - a wand of disintegration (23)
 y - a wand of digging (3)
 D - a wand of acid (9)
 F - a wand of iceblast (11)
Scrolls
 b - 5 scrolls of enchant weapon
 j - 4 scrolls of remove curse
 k - 5 scrolls of immolation
 l - 2 scrolls of enchant armour
 n - 4 scrolls of identify
 o - 7 scrolls of teleportation
 q - 4 scrolls of blinking
 A - a scroll of fear
Potions
 d - 2 potions of heal wounds {unknown}
 g - a potion of berserk rage
 h - 5 potions of haste
 m - 9 potions of curing
 r - 3 potions of brilliance
 v - 17 potions of degeneration
 x - 2 potions of lignification
 z - 3 potions of might
 B - a potion of agility {unknown}
Comestibles
 c - 19 rations


   Skills:
 + Level 13.6 Fighting
 * Level 18.1 Maces & Flails
 + Level 13.4 Armour
 - Level 2.1 Dodging


You had 12 spell levels left.
You didn't know any spells.
Your spell library was empty.

Dungeon Overview and Level Annotations

Branches:
Dungeon (13/15)            Temple (0/1) D:4            Lair (3/6) D:9
 Shoals (0/4) Lair:3          Orc (0/2) D:10
  Snake: Lair:2-4    Spider: Lair:2-4    Vaults: D:13-14

Altars:
Ashenzari
Cheibriados
Elyvilon
Fedhas
Gozag
Hepliaklqana
Makhleb
Nemelex Xobeh
Ru
Trog
Vehumet

Shops:
D:11 *

Annotations:
Lair:1 exclusion: oklob plant


Innate Abilities, Weirdness & Mutations

You reflexively headbutt those who attack you in melee.
You have a pair of horns on your head.


Message History

The lindwurm breathes flames at you.
The lindwurm looks even sicker.
You headbutt the lindwurm.
The lindwurm is moderately wounded.
The lindwurm is engulfed in a cloud of scalding steam.
The lindwurm is moderately wounded.
The lindwurm is moderately wounded.
The lindwurm breathes flames at you. The blast of flame hits you!!!
* * * LOW HITPOINT WARNING * * *
You see here a ring mail of fire resistance.
There is a rumble as the volcano erupts.
The roof shakes.
The lindwurm breathes flames at you. The blast of flame hits you.
* * * LOW HITPOINT WARNING * * *
You see here a scale mail of fire resistance.
There is a rocky tunnel leading out of this place here.
You feel better. The lindwurm claws you.
* * * LOW HITPOINT WARNING * * *
You furiously retaliate!
You headbutt the lindwurm. The lindwurm claws you.
You die...

### ##.# #
#.@##### $#
##.k[..# ..#
##DDt##### ..
##.#†...#.###.
..###....§.....
#....∩∩.§###
##......##
..###....#
####.#.##.


You could see a fire crab, a lindwurm and 2 steam dragons.

Vanquished Creatures
  The ghost of Goboxel the Cleaver, a journeyman HOFi of the Shining One (D:9)
  2 hydras (D:12)
  2 two-headed ogres
  Sonja (D:12)
  A manticore (D:11)
  2 ugly things
  2 black mambas (Lair:1)
  3 centaur zombies
  3 elephants
  2 centaur skeletons
  A rime drake (Lair:1)
  The ghost of PeterQ the Cutter, a novice TeCK of Xom (D:5)
  2 komodo dragons
  2 trolls (D:12)
  A hornet (D:12)
  6 slime creatures (D:12)
  5 blink frogs (Lair:1)
  5 hippogriffs
  Sigmund (D:2)
  11 fire bats (Volcano)
  4 hogs (D:7)
  5 wraiths
  38 yaks
  A water elemental (D:13)
  3 basilisks
  A steam dragon (D:11)
  A human (D:7)
  7 vampire mosquitoes
  4 hell hounds (Volcano)
  3 water moccasins
  An acid dragon (D:12)
  4 orc warriors
  11 porcupines
  A swamp drake (D:10)
  3 phantoms
  6 sky beasts
  5 black bears
  5 ice beasts
  7 ogres
  3 centaurs
  5 crocodiles
  3 big kobolds
  Blork the orc (D:5)
  11 bullfrogs
  A water moccasin zombie (D:9)
  A wyvern skeleton (D:12)
  2 scorpions (D:9)
  A water moccasin skeleton (D:6)
  14 killer bees
  4 wights (D:12)
  An electric eel (D:13)
  3 howler monkeys
  3 crimson imps
  4 hounds
  2 bullfrog zombies
  6 jellies
  8 orc priests
  9 orc wizards
  5 iguanas
  7 worker ants
  A human simulacrum (D:10)
  A hound skeleton (D:11)
  A worker ant zombie (D:9)
  2 howler monkey zombies
  10 adders
  A river rat (D:5)
  2 shadow imps
  2 oozes
  5 adder skeletons
  An adder zombie (D:5)
  4 worms
  4 dart slugs
  3 leopard geckos
  47 orcs
  5 bats
  6 giant cockroaches
  10 goblins
  13 hobgoblins
  9 jackals
  7 quokkas
  3 ball pythons
  6 frilled lizards
  A jackal skeleton (D:7)
  25 kobolds
  8 rats
435 creatures vanquished.

Vanquished Creatures (others)
  A human simulacrum (D:10)
  2 fungi (D:9)
  6 plants (D:9)
9 creatures vanquished.

Grand Total: 444 creatures vanquished

Notes
Turn   | Place    | Note
-------+----------+-------------------------------------------
     0 | D:1      | Infinimo the Minotaur Berserker began the quest for the
                  | Orb.
     0 | D:1      | Reached XP level 1. HP: 19/19 MP: 0/0
   199 | D:1      | Reached skill level 4 in Maces & Flails
   202 | D:1      | Reached XP level 2. HP: 27/27 MP: 1/1
   639 | D:1      | Reached XP level 3. HP: 29/33 MP: 2/2
   746 | D:1      | Reached ** piety under Trog
  1788 | D:2      | Reached skill level 5 in Maces & Flails
  1788 | D:2      | Reached XP level 4. HP: 36/40 MP: 3/3
  1816 | D:2      | Noticed Sigmund
  1822 | D:2      | Killed Sigmund
  1822 | D:2      | Reached skill level 6 in Maces & Flails
  1822 | D:2      | Reached XP level 5. HP: 47/47 MP: 4/4
  2229 | D:3      | Reached skill level 5 in Fighting
  2420 | D:3      | Reached *** piety under Trog
  2423 | D:3      | Reached XP level 6. HP: 56/56 MP: 5/5
  2552 | D:3      | Found a hazy altar of Hepliaklqana.
  2552 | D:3      | Found a radiant altar of Vehumet.
  2559 | D:3      | Found a shattered altar of Ashenzari.
  2561 | D:3      | Found a sacrificial altar of Ru.
  2562 | D:3      | Found a white marble altar of Elyvilon.
  2995 | D:3      | Found a snail-covered altar of Cheibriados.
  3264 | D:4      | Found a staircase to the Ecumenical Temple.
  3305 | D:4      | HP: 2/56 [frilled lizard (3)]
  3314 | D:4      | HP: 4/84 [something (5)]
  3315 | D:4      | Reached skill level 7 in Maces & Flails
  3649 | D:4      | Reached XP level 7. HP: 26/61 MP: 6/6
  3862 | D:4      | Reached skill level 5 in Armour
  4326 | D:5      | Entered Level 5 of the Dungeon
  4331 | D:5      | Noticed Blork the orc
  4340 | D:5      | Killed Blork the orc
  4340 | D:5      | Reached skill level 8 in Maces & Flails
  4394 | D:5      | Found a runed translucent door.
  4400 | D:5      | Noticed PeterQ's ghost (novice TeCK)
  4464 | D:5      | Reached **** piety under Trog
  4593 | D:5      | Killed PeterQ's ghost
  4593 | D:5      | Reached XP level 8. HP: 71/71 MP: 7/7
  4605 | D:5      | Found a runed translucent door.
  4670 | D:5      | Reached skill level 9 in Maces & Flails
  5048 | D:5      | Found a burning altar of Makhleb.
  5048 | D:5      | Noticed a green death
  5406 | D:6      | Found a sparkling altar of Nemelex Xobeh.
  5500 | D:6      | Reached skill level 10 in Maces & Flails
  5649 | D:6      | Found a blossoming altar of Fedhas.
  5911 | D:7      | Reached XP level 9. HP: 64/81 MP: 8/8
  5926 | D:7      | Reached skill level 11 in Maces & Flails
  5932 | D:7      | Reached ***** piety under Trog
  6366 | D:7      | Reached skill level 12 in Maces & Flails
  6689 | D:7      | Found an opulent altar of Gozag.
  7053 | D:8      | Found a bloodstained altar of Trog.
  7062 | D:7      | Reached XP level 10. HP: 90/91 MP: 9/9
  7099 | D:8      | Received a gift from Trog
  8051 | D:9      | Reached skill level 13 in Maces & Flails
  8137 | D:9      | Reached skill level 10 in Fighting
  8240 | D:9      | Found a staircase to the Lair.
  8264 | D:9      | Noticed a two-headed ogre
  8281 | D:9      | Reached skill level 10 in Armour
  8553 | D:8      | Killed a two-headed ogre
  8553 | D:8      | Reached skill level 14 in Maces & Flails
  9027 | D:9      | Reached XP level 11. HP: 94/101 MP: 10/10
  9926 | D:10     | Entered Level 10 of the Dungeon
 10314 | D:10     | Noticed a two-headed ogre
 10322 | D:10     | Killed a two-headed ogre
 10508 | D:10     | Reached skill level 15 in Maces & Flails
 10538 | D:10     | Found a runed translucent gate.
 10538 | D:10     | Found a runed translucent gate.
 10538 | D:10     | Found a runed translucent gate.
 10539 | D:10     | Noticed Goboxel's ghost (journeyman HOFi)
 11127 | D:10     | Received a gift from Trog
 11285 | D:10     | Found a staircase to the Orcish Mines.
 11478 | D:11     | Found Qemen's Assorted Antiques.
 11502 | D:11     | Noticed a purple ugly thing
 11513 | D:11     | Killed a purple ugly thing
 11956 | D:11     | Bought a potion of curing for 99 gold pieces
 11956 | D:11     | Bought a scroll of teleportation for 99 gold pieces
 11956 | D:11     | Bought 2 scrolls of teleportation for 198 gold pieces
 12621 | D:11     | Reached XP level 12. HP: 78/112 MP: 11/11
 12856 | D:11     | Reached skill level 16 in Maces & Flails
 13421 | D:12     | Noticed a five-headed hydra
 13434 | D:12     | Killed a five-headed hydra
 13750 | D:12     | Noticed a six-headed hydra
 13758 | D:12     | Killed a six-headed hydra
 13902 | D:12     | Noticed Sonja
 14478 | D:12     | Killed Sonja
 16114 | D:12     | Reached skill level 17 in Maces & Flails
 16853 | D:9      | Killed Goboxel's ghost
 17051 | Lair:1   | Entered Level 1 of the Lair of Beasts
 18113 | Lair:1   | Received a gift from Trog
 18118 | Lair:1   | Got a slimy executioner's axe {god gift}
 18119 | Lair:1   | Identified the +2 executioner's axe "Dikosin" {antimagic,
                  | Str+2} (Trog gifted it to you on level 1 of the Lair of
                  | Beasts)
 18404 | Lair:1   | Reached XP level 13. HP: 45/122 MP: 12/12
 19872 | Lair:3   | Reached skill level 18 in Maces & Flails
 19884 | Lair:3   | Found a dark tunnel.
 19892 | Volcano  | Entered a volcano
 19954 | Volcano  | HP: 3/123 [lindwurm/blast of flame (5)]
 19956 | Volcano  | Slain by a lindwurm

Skill      XL: |  1  2  3  4  5  6  7  8  9 10 11 12 13 |
---------------+----------------------------------------+-----
Maces & Flails | 4 5 6 7 8 10 12 14 15 17 18 | 18.1
Fighting       | 4 5 6 7 9 10 12 13 | 13.6
Armour         | 3 4 6 7 9 10 11 13 | 13.4
Dodging        | |  2.1

Action                   |  1- 3 |  4- 6 |  7- 9 | 10-12 | 13-15 || total
-------------------------+-------+-------+-------+-------+-------++-------
Melee: Mace              |    98 |    57 |       |       |       ||   155
       Headbutt          |    12 |    17 |    65 |   242 |    32 ||   368
       Whip              |       |    64 |   297 |  1117 |   141 ||  1619
Invok: Berserk           |     2 |     3 |     4 |    15 |     2 ||    26
  Use: Potion            |       |     2 |     1 |       |     1 ||     4
       Scroll            |       |       |    13 |     2 |     2 ||    17
 Stab: Distracted        |       |     1 |       |       |       ||     1
  Eat: Chunk             |     4 |     9 |    13 |    25 |     4 ||    55
       Ration            |       |       |       |     8 |       ||     8
Armor: Animal skin       |     8 |    20 |     2 |       |       ||    30
       Chain mail        |       |       |   127 |    55 |       ||   182
       Plate armour      |       |       |       |   450 |    82 ||   532
Dodge: Dodged            |    60 |    63 |   107 |   298 |    40 ||   568
